 Dungeon Crawl Stone Soup version bcrawl-1.13.2 (webtiles) character file.

Game seed: 7262403367310095620

1388 Felnil the Fighter (level 8, 0/59 HPs)
             Began as a Skeleton Fighter on Aug 11, 2019.
             Was a Follower of Nemelex Xobeh.
             Killed by divine providence
             ... invoked by an orc priest
              (9 damage)
             ... on level 6 of the Dungeon.
             The game lasted 00:20:11 (7453 turns).

Felnil the Fighter (Skeleton Fighter)               Turns: 7453, Time: 00:20:11

Health: 0/59       AC: 11    Str: 25 (26) XL:     8   Next: 40%
Magic:  0/8        EV:  5    Int:  6      God:    Nemelex Xobeh [*.....]
Gold:   521        SH:  9    Dex:  8      Spells: 7/7 levels left

rFire    . . .     SeeInvis .   a - +0 rapier
rCold    + . .     Gourm    .   c - +0 shield
rNeg     + + +     Faith    .   g - +0 plate armour
rPois    ∞         Spirit   +   (no helmet)
rElec    .         Reflect  .   (no cloak)
rCorr    .         Harm     .   (no gloves)
MR       +....                  (no boots)
Stlth    ..........             i - amulet of magic regeneration
HPRegen  0.19/turn              r - ring of flight
MPRegen  0.36/turn              (no ring)

@: no status effects
A: no food or potions, cold resistance 1, deterioration 1, negative energy
resistance 3, powered by death 1, torment resistance, unbreathing, magic shield,
sturdy frame 1, spell healing
a: Draw Escape, Draw Destruction, Draw Summoning, Renounce Religion, Evoke
Flight


You were on level 6 of the Dungeon.
You worshipped Nemelex Xobeh.
Nemelex Xobeh was aware of your devotion.
You were not hungry.

You visited 1 branch of the dungeon, and saw 7 of its levels.
You also visited: Sewer.

You collected 521 gold pieces.

Inventory:

Hand Weapons
 a - a +0 rapier (weapon)
Armour
 c - a +0 shield (worn)
 g - a +0 plate armour (worn)
 o - the +2 leather armour of the Saviour {Str+4}
   (You found it on level 4 of the Dungeon)

   It affects your strength (+4).
 p - the +0 chain mail "Zokhydd" {Str+6}
   (You found it on level 5 of the Dungeon)

   It affects your strength (+6).
Jewellery
 i - an amulet of magic regeneration (around neck)
 r - a ring of flight (left hand)
Wands
 m - a wand of digging (5)
Scrolls
 b - 2 scrolls of blinking
 d - 3 scrolls of fear
 f - a scroll of remove curse
 h - 2 scrolls of fog
 j - 2 scrolls of identify
 k - a scroll of enchant weapon


   Skills:
 + Level 10.7 Fighting
 - Level 2.4 Short Blades
 - Level 3.2 Armour
 - Level 3.6 Shields


You had 7 spell levels left.
You didn't know any spells.
Your spell library was empty.

Dungeon Overview and Level Annotations

Branches:
Dungeon (7/12)             Temple (0/1) D:5
   Lair: D:7-10

Altars:
Makhleb
Nemelex Xobeh
Trog
Beogh


Innate Abilities, Weirdness & Mutations

You do not eat or drink.
You are immune to poison.
Your flesh is cold resistant. (rC+)
Your body sometimes deteriorates upon taking damage.
You are immune to negative energy. (rN+++)
You regenerate a little health from kills.
You are immune to unholy pain and torment.
You can survive without breathing.
When hurt, damage is shared between your health and your magic reserves.
Your movements are slightly less encumbered by armour. (ER -2)
Casting spells heals you.


Message History

The phantom blinks!
The phantom blinks!
The phantom blinks!
The orc priest shouts!
The orc warrior shouts!
You block the orc priest's attack.
You hit the orc priest but do no damage.
The orc priest calls down the wrath of Beogh upon you.
Beogh smites you!
* * * LOW HITPOINT WARNING * * *
The orc warrior hits you but does no damage.
You hear a shout!
You puncture the orc priest!
The orc priest is heavily wounded.
You block the orc warrior's attack. The orc priest barely misses you.
You block the orc priest's attack.
The orc priest mumbles some strange prayers to Beogh against you.
Beogh smites you!
You die...
Your body disappears without a glow.

######### #........
################@###############
.........W......o.........o.o.>#
###...##########o#o....#####F###
#...# #.#.#...# #... #...#
#.#.#<### ###.# #...#
######.#.### ... #...#
#......#.. #.
#...#####......#### .
#.......#.........#


You could see a phantom, an orc warrior and 2 orc priests.

Vanquished Creatures
  3 water moccasins
  A necrophage (D:6)
  2 phantoms (D:4)
  A centaur (D:4)
  A crimson imp (D:4)
  A howler monkey (D:4)
  A bullfrog zombie (D:5)
  3 hounds
  4 orc priests
  3 orc wizards
  An iguana (D:5)
  A worker ant (D:4)
  A hound zombie (D:5)
  A hound skeleton (D:7)
  6 adders
  6 river rats
  A shadow imp (D:6)
  2 oozes
  2 adder skeletons
  6 worms
  5 dart slugs
  A leopard gecko (D:4)
  21 orcs
  5 giant cockroaches
  10 hobgoblins
  4 jackals (D:2)
  16 kobolds
  A quokka (D:3)
  7 ball pythons
  7 bats
  9 frilled lizards
  6 goblins
  14 rats
153 creatures vanquished.

Notes
Turn   | Place    | Note
-------+----------+-------------------------------------------
     0 | D:1      | Felnil the Skeleton Fighter began the quest for the Orb.
     0 | D:1      | Reached XP level 1. HP: 14/14 MP: 1/1
   194 | D:1      | Reached XP level 2. HP: 18/19 MP: 2/2
   404 | D:1      | Reached skill level 4 in Fighting
   532 | D:1      | Reached XP level 3. HP: 23/24 MP: 3/3
  1272 | D:2      | Reached XP level 4. HP: 29/30 MP: 4/4
  1297 | D:2      | Reached skill level 5 in Fighting
  1868 | D:3      | Found a glowing drain.
  1888 | Sewer    | Entered a sewer
  2292 | Sewer    | Reached XP level 5. HP: 25/36 MP: 3/5
  2387 | Sewer    | Reached skill level 6 in Fighting
  2938 | D:3      | Found a roughly hewn altar of Beogh.
  3014 | D:3      | Found a sparkling altar of Nemelex Xobeh.
  3274 | D:3      | Found a burning altar of Makhleb.
  3286 | D:3      | Gained mutation: You regenerate a little health from kills.
                  | [Skeleton growth]
  3286 | D:3      | Reached XP level 6. HP: 31/42 MP: 6/6
  3457 | D:3      | Became a worshipper of Nemelex Xobeh the Trickster
  3567 | D:4      | Reached skill level 7 in Fighting
  3718 | D:4      | Received a gift from Nemelex Xobeh
  3799 | D:4      | Reached skill level 8 in Fighting
  3935 | D:4      | Reached XP level 7. HP: 48/49 MP: 7/7
  3945 | D:4      | Got a heavily runed leather armour
  3956 | D:4      | Identified the +2 leather armour of the Saviour {Str+4}
                  | (You found it on level 4 of the Dungeon)
  4457 | D:4      | Reached skill level 9 in Fighting
  5064 | D:5      | Entered Level 5 of the Dungeon
  5195 | D:5      | Received a gift from Nemelex Xobeh
  5203 | D:5      | Found a staircase to the Ecumenical Temple.
  5554 | D:5      | Got a heavily runed chain mail
  5561 | D:5      | Reached * piety under Nemelex Xobeh
  5645 | D:5      | Reached XP level 8. HP: 18/57 MP: 8/8
  5866 | D:5      | Identified the +0 chain mail "Zokhydd" {Str+6} (You found
                  | it on level 5 of the Dungeon)
  5879 | D:5      | Found a bloodstained altar of Trog.
  5927 | D:5      | Reached skill level 10 in Fighting
  6493 | D:5      | HP: 2/57 [orc warrior/+0 trident (6)]
  7308 | D:7      | Noticed a hippogriff
  7320 | D:7      | Noticed a hippogriff
  7453 | D:6      | Killed from afar by an orc priest

Skill      XL: |  1  2  3  4  5  6  7  8 |
---------------+-------------------------+-----
Fighting       | 4 5 6 8 9 10 | 10.7
Short Blades   | |  2.4
Armour         | |  3.2
Shields        | |  3.6

Action                   |  1- 3 |  4- 6 |  7- 9 || total
-------------------------+-------+-------+-------++-------
Melee: Rapier            |   169 |   302 |   336 ||   807
Throw: Throwing net      |       |       |     2 ||     2
  Use: Scroll            |       |       |    12 ||    12
Armor: Scale mail        |    15 |       |       ||    15
       Plate armour      |   101 |   153 |   174 ||   428
       Leather armour    |       |       |     4 ||     4
       Chain mail        |       |       |    21 ||    21
Dodge: Dodged            |    33 |    52 |    74 ||   159
Block: Shield            |    98 |   137 |   156 ||   391
